 Dungeon Crawl Stone Soup version 0.25-a0-598-gc9c9e4cfe1 (webtiles) character file.

Game seed: 6027498992764898870, levelgen mode: deterministic

70 Flubbersnuff the Chopper (level 4, 0/35 HPs)
             Began as a Demonspawn Berserker on Mar 15, 2020.
             Was a Believer of Trog.
             Killed from afar by an orc wizard (2 damage)
             ... with a puff of frost
             ... on level 3 of the Dungeon.
             The game lasted 00:05:40 (1624 turns).

Flubbersnuff the Chopper (Demonspawn Berserker)     Turns: 1624, Time: 00:05:42

Health: 0/35       AC:  7    Str: 18    XL:     4   Next: 3%
Magic:  4/4        EV: 11    Int:  9    God:    Trog [**....]
Gold:   87         SH:  0    Dex: 12    Spells: 3/3 levels left

rFire    + . .     SeeInvis .   h - +0 spear (pain)
rCold    . . .     Gourm    .   (no shield)
rNeg     . . .     Faith    .   m - +0 ring mail (curse)
rPois    .         Spirit   .   (no helmet)
rElec    .         Reflect  .   (no cloak)
rCorr    .         Harm     .   (no gloves)
MR       .....                  (no boots)
Stlth    +.........             (no amulet)
HPRegen  0.11/turn              (no ring)
MPRegen  0.09/turn              (no ring)

@: no status effects
A: talons 1, icy blue scales 1, fire resistance 1
a: Berserk, Trog's Hand, Renounce Religion


You were on level 3 of the Dungeon.
You worshipped Trog.
Trog was pleased with you.
You were very hungry.

You visited 1 branch of the dungeon, and saw 3 of its levels.

You collected 87 gold pieces.

Inventory:

Hand Weapons
 a - a +0 hand axe
 h - a +0 spear of pain (weapon)
Armour
 m - a cursed +0 ring mail (worn)
Jewellery
 q - an uncursed ring of wizardry {unknown}
Scrolls
 b - a scroll of blinking {unknown}
 d - 2 scrolls of remove curse {unknown}
 f - 2 scrolls of fear {unknown}
 i - a scroll of magic mapping {unknown}
 k - a scroll of identify {unknown}
 n - 3 scrolls of random uselessness {unknown}
 p - a scroll of noise {unknown}
Potions
 e - 3 potions of curing {unknown}
 g - 2 potions of stabbing {unknown}
 j - a potion of might {unknown}
 l - a potion of lignification {unknown}
 o - a potion of heal wounds {unknown}
Comestibles
 c - 2 rations


   Skills:
 - Level 3.0 Fighting
 - Level 3.1(3.5) Axes
 * Level 2.1(3.0) Polearms
 + Level 2.6 Armour
 - Level 1.7 Dodging


You had 3 spell levels left.
You didn't know any spells.
Your spell library was empty.

Dungeon Overview and Level Annotations

Branches:
Dungeon (3/15)

Altars:
Ashenzari
Dithmenos


Innate Abilities, Weirdness & Mutations

You have sharp toenails.
You are partially covered in icy blue scales. (AC +2)
Your flesh is heat resistant. (rF+)


Message History

The orc wizard is almost dead.
The orc wizard points at you and mumbles some strange words.
The puff of flame misses you. The orc wizard barely misses you.
The orc wizard points at you and mumbles some strange words.
The puff of frost hits you!
* * * LOW HITPOINT WARNING * * *
The orc wizard begins to cast a cantrip, but forgets the words!
The orc wizard looks encouraged for a moment.
The orc wizard casts a spell at you. The puff of flame hits you. You resist.
* * * LOW HITPOINT WARNING * * *
The orc priest begins to cast a cantrip, but forgets the words!
The orc wizard casts a spell.
The orc wizard flickers and vanishes!
Deactivating autopickup; reactivate with Ctrl-A.
A puff of frost appears from out of thin air!
The puff of frost hits you but does no damage.
A puff of frost appears from out of thin air!
The puff of frost hits you.
You die...

### ### ### #.. ... ..#
#.# #.# #.. ..# ##.##
#.# ###.## ... ##.####
.... #.# .....# #
#.#####.#####.##.#
#.##.##..[..........##.#
#.....)@###########.....
#.##.##.# ############..
# #.##.# #.......####.#
#.##..#.###...<.........
#.....o..##........###..
#........##........# #..
##.##.o#.##........# ...
# ##o#.##........##...
#.###.#.##.............


You could see an orc priest, an orc wizard and an orc.

Vanquished Creatures
  2 adders
  An ooze (D:1)
  A worm (D:2)
  3 leopard geckos
  2 giant cockroaches
  8 goblins
  2 hobgoblins
  2 jackals (D:2)
  6 kobolds
  8 bats
  A frilled lizard (D:2)
  4 rats
40 creatures vanquished.

Notes
Turn   | Place    | Note
-------+----------+-------------------------------------------
     0 | D:1      | Flubbersnuff the Demonspawn Berserker began the quest for
                  | the Orb.
     0 | D:1      | Reached XP level 1. HP: 18/18 MP: 1/1
   126 | D:1      | Gained mutation: You are partially covered in icy blue
                  | scales. (AC +2) [demonic ancestry]
   126 | D:1      | Reached XP level 2. HP: 15/24 MP: 2/2
   499 | D:1      | Reached skill level 1 in Polearms
   812 | D:2      | Gained mutation: You have sharp toenails. [demonic
                  | ancestry]
   812 | D:2      | Reached XP level 3. HP: 19/29 MP: 3/3
   819 | D:2      | Reached ** piety under Trog
  1060 | D:2      | Found a shattered altar of Ashenzari.
  1194 | D:2      | Found a shadowy altar of Dithmenos.
  1584 | D:3      | Gained mutation: Your flesh is heat resistant. (rF+)
                  | [demonic ancestry]
  1584 | D:3      | Reached XP level 4. HP: 24/35 MP: 4/4
  1624 | D:3      | Killed from afar by an orc wizard

Levels and vault maps discovered:
D:1:      dpeg_cavernosity, layout_rooms
D:2:      layout_rooms, evilmike_ruin_ashenzari,
          nicolae_dithmenos_through_a_glass_darkly, first_ration
D:3:      layout_loops_cross, old_standard_altar, guppyfry_early_lair_pool

Skill      XL: |  1  2  3 |
---------------+----------+-----
Axes           | 3 |  3.1
Armour         | 2 |  2.6
Polearms       | 1 2 |  2.1
Fighting       | |  3.0
Dodging        | |  1.7

Action                   |  1- 3 |  4- 6 || total
-------------------------+-------+-------++-------
Melee: Hand axe          |    18 |       ||    18
       Spear             |   123 |     7 ||   130
       Kick              |    11 |     3 ||    14
  Eat: Chunk             |     1 |       ||     1
Armor: Animal skin       |    27 |       ||    27
       Ring mail         |    20 |     2 ||    22
Dodge: Dodged            |   100 |     2 ||   102

Table legend:
 A = Non-vault XP
 B = Vault XP
 C = Vault XP percentage of total XP
 D = Non-vault monster count
 E = Vault monster count
 F = Vault count percentage of total count
                 A         B        C        D         E       F
            +---------+---------+-------+---------+---------+-------
      Total |      87 |      13 |  13.0 |      36 |       4 |  10.0
            +---------+---------+-------+---------+---------+-------
        D:1 |      24 |      13 |  35.1 |      15 |       4 |  21.1
        D:2 |      45 |       0 |   0.0 |      18 |       0 |   0.0
        D:3 |      18 |       0 |   0.0 |       3 |       0 |   0.0
            +---------+---------+-------+---------+---------+-------
